Selects Italian Combined Arms Battlegroup
Selects Bersaglieri Squad
Selects Bersaglieri Squad
Kradschützen Motorcycle Team
Construct Light Support Kompanie
le.IG 18 Mechanized Group
Selects Semovente da 75/18 Assault Gun
Selects Carro Armato M13/40 Light Tank
Carro Armato M13/40 Light Tank
Carro Armato M13/40 Light Tank
Selects Bersaglieri Bolster
Selects Breda Model 30 Light Machine Guns
Carro Armato M13/40 Light Tank